 Dungeon Crawl Stone Soup version 0.29.1-2-gbd0b4ee654 (webtiles) character file.

Game seed: 16063643245630499325

719 safid the Shooter (level 7, -4/66 HPs)
             Began as a Minotaur Hunter on Nov 3, 2022.
             Was a Believer of Okawaru.
             Slain by an ice beast (13 damage)
             ... on level 4 of the Dungeon.
             The game lasted 00:06:27 (3671 turns).

safid the Shooter (Minotaur Hunter)                 Turns: 3671, Time: 00:06:27

Health: -4/66      AC:  7    Str: 11    XL:     7   Next: 42%
Magic:  6/6        EV: 12    Int:  6    God:    Okawaru [**....]
Gold:   186        SH:  0    Dex: 22    Spells: 6/6 levels left

rFire   . . .      SeeInvis .   y - +9 shortbow of Conformity {speed, +Blink rPois Will+++ Stlth-}
rCold   . . .      Faith    .   (shield currently unavailable)
rNeg    . . .      Spirit   .   s - +3 leather armour "Luhibixt" {rCorr Str-4 Slay+2}
rPois   +          Reflect  .   (helmet restricted)
rElec   .          Harm     .   (no cloak)
rCorr   +          Rampage  .   (no gloves)
Will    ++++.                   w - +0 pair of boots
Stlth   ..........              (no amulet)
HPRegen 0.21/turn               x - +6 ring of dexterity
MPRegen 0.10/turn               t - ring of willpower

@: silenced
A: horns 2, retaliatory headbutt
a: Renounce Religion, Evoke Blink


You were on level 4 of the Dungeon.
You worshipped Okawaru.
Okawaru was pleased with you.
You visited 1 branch of the dungeon, and saw 5 of its levels.

You collected 219 gold pieces.
You spent 33 gold pieces at shops.

Inventory:

Hand Weapons
 y - the +9 shortbow of Conformity (weapon) {speed, +Blink rPois Will+++ Stlth-}
   (You found it on level 4 of the Dungeon)

   Attacks with this weapon are significantly faster.
   rPois:     It protects you from poison.
   +Blink:    It lets you blink.
   Will:      It greatly increases your willpower.
   Stlth:     It makes you less stealthy.
Armour
 s - the +3 leather armour "Luhibixt" (worn) {rCorr Str-4 Slay+2}
   (You found it on level 3 of the Dungeon)

   Str:       It affects your strength (-4).
   Slay:      It affects your accuracy & damage with ranged weapons and melee
   (+2).
   rCorr:     It protects you from acid and corrosion.
 w - a +0 pair of boots (worn)
Jewellery
 k - a ring of protection from fire
 t - a ring of willpower (right hand)
 x - a +6 ring of dexterity (left hand)
Wands
 c - a wand of roots (3)
 i - a wand of digging (13)
 m - a wand of polymorph (10)
Scrolls
 a - a scroll of poison {unknown}
 b - a scroll of blinking {unknown}
 d - a scroll of silence
 e - 7 scrolls of identify {unknown}
 g - 2 scrolls of teleportation {unknown}
 j - 2 scrolls of enchant armour {unknown}
 n - a scroll of enchant weapon {unknown}
 o - a scroll of magic mapping {unknown}
 r - 3 scrolls of vulnerability {unknown}
Potions
 f - 3 potions of might {unknown}
 h - 2 potions of curing
 l - a potion of lignification {unknown}
 p - a potion of cancellation {unknown}
 q - 2 potions of heal wounds {unknown}
 u - 5 potions of degeneration {unknown}
 v - a potion of attraction {unknown}


   Skills:
 + Level 7.3 Fighting
 + Level 7.7 Ranged Weapons
 - Level 2.1 Dodging
 - Level 0.7 Stealth


You had 6 spell levels left.
You didn't know any spells.
Your spell library was empty.

Dungeon Overview and Level Annotations

Branches:
Dungeon (5/15)
 Temple: D:4-7

Altars:
Dithmenos
Gozag
Makhleb
Okawaru
Qazlal
Ru
Yredelemnul

Shops:
D:2 *

Annotations:
D:4 1 runed translucent door, Lutefisk's ghost, amateur GnWn


Innate Abilities, Weirdness & Mutations

You have a pair of horns on your head.
You reflexively headbutt those who attack you in melee.


Message History

You shoot an arrow. The arrow hits the ice beast!
The ice beast is almost dead.
The ice beast closely misses you.
You shoot an arrow. The arrow barely misses the ice beast.
The orc warrior hits you with a +0 flail!
An orc comes into view. It is wielding a +0 flail.
The ice beast hits you. The ice beast freezes you!
You are too injured to fight recklessly!
You are too injured to fight recklessly!
You are too injured to fight recklessly!
Unknown command.
The orc warrior attacks as you move away!
The orc warrior hits you but does no damage.
The ice beast completely misses you.
There is a stone staircase leading up here.
The ice beast closely misses you.
You climb upwards.
Level annotation: 1 runed translucent door, Lutefisk's ghost, amateur GnWn
There is a stone staircase leading down here.
Fire: y) +9 shortbow of Conformity {speed, +Blink rPois Will+++ Stlth-}
Press: ? - help, Q - select action, (/) - cycle Shift-Dir - straight line, f - ice beast
Aim: an ice beast (almost dead, 76% to hit)
You shoot an arrow.
The arrow completely misses the ice beast.
The orc warrior hits you with a +0 flail!
* * * LOW HITPOINT WARNING * * *
The ice beast closely misses you. You furiously retaliate!
You headbutt the ice beast.
As you read the scroll labelled FIGAFO WILIAMN, it crumbles to dust.
A profound silence engulfs you.
It was a scroll of silence.
The orc warrior hits you with a +0 flail!
* * * LOW HITPOINT WARNING * * *
The ice beast closely misses you. You furiously retaliate!
You headbutt the ice beast, but do no damage.
Unknown command.
You feel better. The orc warrior closely misses you. You furiously retaliate!
You headbutt the orc warrior. The ice beast hits you.
* * * LOW HITPOINT WARNING * * *
The ice beast freezes you!
You die...

......####...))).#
....### #.......#
.#### ##......##
#...## #.......##
....8#### ##.......##
........## #........##
8.<......###.........#
.........#...........#
....8.......##..@Y...#
#..........###.o.....#
#.........## #.......#
###.......## ##......#
##.......# #......#
###..##....# #......#
#.))######## ##...###
..)## #.### ..## ###


You could see an orc warrior and an ice beast.

Vanquished Creatures
  Menkaure (D:4)
  An ogre (D:4)
  A phantom (D:4)
  A necrophage (D:4)
  A scorpion (D:4)
  3 orc priests
  Jessica (D:2)
  3 iguanas (D:4)
  4 adders
  An ufetubus (D:4)
  4 worms
  8 orcs
  8 ball pythons
  10 endoplasms
  3 giant cockroaches
  7 goblins
  7 hobgoblins
  4 jackals (D:2)
  9 kobolds
  A quokka (D:2)
  2 bats
  A frilled lizard (D:2)
  2 rats
83 creatures vanquished.

Notes
Turn   | Place    | Note
-------+----------+-------------------------------------------
     0 | D:1      | safid the Minotaur Hunter began the quest for the Orb.
     0 | D:1      | Reached XP level 1. HP: 18/18 MP: 0/0
   250 | D:1      | Reached XP level 2. HP: 25/25 MP: 1/1
   645 | D:2      | Found Wouqyrae's General Store.
   649 | D:2      | Bought a potion of curing for 33 gold pieces
   747 | D:2      | Reached skill level 5 in Ranged Weapons
   747 | D:2      | Reached XP level 3. HP: 31/31 MP: 2/2
  1102 | D:2      | Noticed Jessica
  1106 | D:2      | Killed Jessica
  1107 | D:2      | Reached XP level 4. HP: 40/40 MP: 3/3
  1377 | D:3      | Identified the +3 leather armour "Luhibixt" {rCorr Str-4
                  | Slay+2}
  1654 | D:3      | Found an iron altar of Okawaru.
  1658 | D:3      | Found a sacrificial altar of Ru.
  1660 | D:3      | Became a worshipper of Warmaster Okawaru
  1849 | D:3      | Found a shadowy altar of Dithmenos.
  1851 | D:3      | Found a basalt altar of Yredelemnul.
  1852 | D:3      | Found an opulent altar of Gozag.
  1853 | D:3      | Found a stormy altar of Qazlal.
  2029 | D:4      | Noticed a phantom
  2035 | D:4      | Killed a phantom
  2036 | D:4      | Reached skill level 5 in Fighting
  2036 | D:4      | Reached XP level 5. HP: 40/48 MP: 4/4
  2124 | D:4      | Noticed Menkaure
  2136 | D:4      | Killed Menkaure
  2136 | D:4      | Reached * piety under Okawaru
  2137 | D:4      | Reached XP level 6. HP: 16/57 MP: 5/5
  2930 | D:4      | Reached ** piety under Okawaru
  2931 | D:4      | Reached XP level 7. HP: 64/64 MP: 6/6
  2938 | D:4      | Found a runed translucent door.
  2939 | D:4      | Noticed Lutefisk's ghost (amateur GnWn)
  3282 | D:4      | Found a burning altar of Makhleb.
  3372 | D:4      | Identified the +9 shortbow of Conformity {speed, +Blink
                  | rPois Will+++ Stlth-}
  3654 | D:5      | Entered Level 5 of the Dungeon
  3671 | D:4      | Slain by an ice beast

Illustrated notes

Levels and vault maps discovered:
D:1:      ebering_trefoil_3fold, layout_basic
D:2:      kennysheep_six_static_rooms, layout_rooms, serial_shops, shop,
          hex_tiny, kennysheep_jessica_study
D:3:      layout_basic, minitemple
D:4:      nicolae_cairo_tiling_large, layout_cave_pods,
          mainiacjoe_overflow_boulevard, ebering_ghost_sewer_d,
          grunt_ministairs_1, uniq_menkaure
D:5:      layout_cave_pools, cheibriados_altar_1, mainiacjoe_overflow_swirl,
          serial_shops, shop

Skill      XL: |  1  2  3  4  5  6  7 |
---------------+----------------------+-----
Fighting       | 3 4 5 6 7 |  7.3
Ranged Weapons | 5 6 7 |  7.7
Dodging        | |  2.1
Stealth        | |  0.7

Action                   |  1- 3 |  4- 6 |  7- 9 || total
-------------------------+-------+-------+-------++-------
 Fire: Shortbow          |    74 |   119 |    46 ||   239
  Use: Potion            |       |     1 |     1 ||     2
       Scroll            |       |       |     1 ||     1
Armor: Leather armour    |     8 |    17 |     6 ||    31
Dodge: Dodged            |    15 |    32 |    19 ||    66
